 Dungeon Crawl Stone Soup version 0.23.1-37-gaa34b87 (webtiles) character file.

Game seed: 24029768485218488

42 myga the Grasshopper (level 3, -4/18 HPs)
             Began as a Spriggan Warper on Mar 25, 2019.
             Slain by an adder (5 damage)
             ... on level 2 of the Dungeon.
             The game lasted 00:06:54 (1082 turns).

myga the Grasshopper (Spriggan Warper)              Turns: 1082, Time: 00:06:55

Health: -4/18      AC:  2    Str:  8    XL:     3   Next: 33%
Magic:  4/8        EV: 19    Int: 14    God:
Gold:   28         SH:  0    Dex: 15    Spells: 4/8 levels left

rFire    . . .     SeeInvis +   a - +0 short sword
rCold    . . .     Gourm    .   (shield restricted)
rNeg     . . .     Faith    .   j - +0 robe
rPois    .         Spirit   .   (helmet restricted)
rElec    .         Reflect  .   (no cloak)
rCorr    .         Harm     .   (gloves unavailable)
MR       .....                  (boots unavailable)
Stlth    ++........             (no amulet)
HPRegen  0.06/turn              h - ring of flight
MPRegen  0.11/turn              (no ring)

@: lethally poisoned (-4 -> -10), very quick
A: very small, unfitting armour, see invisible, herbivore, speed 3, slow
metabolism 2
a: Evoke Flight


You were on level 2 of the Dungeon.
You were not hungry.

You visited 1 branch of the dungeon, and saw 2 of its levels.

You collected 28 gold pieces.

Inventory:

Hand Weapons
 a - a +0 short sword (weapon)
Missiles
 e - 5 tomahawks of dispersal
 i - 32 stones (quivered)
Armour
 j - a +0 robe (worn)
Jewellery
 h - a ring of flight (left hand)
Scrolls
 c - a scroll of enchant weapon {unknown}
 d - a scroll of blinking
 k - a scroll of enchant armour {unknown}
 l - a scroll of fear {unknown}
Potions
 g - 2 potions of ambrosia
Comestibles
 f - 5 rations


   Skills:
 + Level 1.9 Fighting
 + Level 2.9 Short Blades
 + Level 1.4 Throwing
 + Level 4.1 Dodging
 + Level 0.8 Stealth
 + Level 3.0 Spellcasting
 + Level 0.1 Charms
 + Level 4.4 Translocations


You had 4 spell levels left.
You knew the following spells:

 Your Spells              Type           Power        Failure   Level  Hunger
a - Blink                 Tloc           N/A          5%          2    ##.....
b - Shroud of Golubria    Chrm/Tloc      #.........   13%         2    ##.....

Your spell library contained the following spells:

 Spells                   Type           Power        Failure   Level  Hunger
 Gell's Gravitas          Tloc           ##........   11%         3    ###....
 Lesser Beckoning         Tloc           ##........   11%         3    ###....
 Teleport Other           Tloc           ##......     11%         3    ###....
 Passage of Golubria      Tloc           N/A          34%         4    #####..


Dungeon Overview and Level Annotations

Branches:
Dungeon (2/15)

Altars:


Innate Abilities, Weirdness & Mutations

You are very small and have problems with some larger weapons.
You are too small for most types of armour.
You have supernaturally acute eyesight. (SInv)
You are a herbivore.
You cover ground extremely quickly.
You need to consume almost no food.


Message History

The adder is lightly wounded.
The adder barely misses you.
Okay, then.
You feel agile all of a sudden. The adder bites you.
* * * LOW HITPOINT WARNING * * *
You are lethally poisoned!
The adder poisons you!
* * * LOW HITPOINT WARNING * * *
You feel sick.
Your magical contamination has completely faded away.
* * * LOW HITPOINT WARNING * * *
You feel sick.
Found 7 gold pieces.
It was a potion of cancellation.
Your magical effects are unravelling.
You feel magically purged.
You feel a little less agile now. The adder bites you.
You die...

# #. #.
####.### #
#......##.#.#
###.##.....$.#
.....###@####
........S^..#
.......#.##.#
.......#.# #
........#
#.##..#.## # #
#.....(#(#
#.......(##
#.†.........


You could see an adder.

Vanquished Creatures
  An adder (D:2)
  An ooze (D:2)
  A worm (D:2)
  A leopard gecko (D:1)
  A ball python (D:2)
  7 goblins
  A hobgoblin (D:1)
  2 frilled lizards (D:1)
  6 kobolds
  4 rats
25 creatures vanquished.

Notes
Turn   | Place    | Note
-------+----------+-------------------------------------------
     0 | D:1      | myga the Spriggan Warper began the quest for the Orb.
     0 | D:1      | Reached XP level 1. HP: 10/10 MP: 5/5
   264 | D:1      | Reached XP level 2. HP: 13/14 MP: 6/6
   437 | D:1      | Learned a level 2 spell: Blink
   440 | D:1      | Learned a level 2 spell: Shroud of Golubria
   929 | D:2      | Reached XP level 3. HP: 14/18 MP: 5/8
  1082 | D:2      | Slain by an adder

Skill      XL: |  1  2 |
---------------+-------+-----
Dodging        | 4 |  4.1
Spellcasting   | 3 |  3.0
Fighting       | |  1.9
Short Blades   | |  2.9
Throwing       | |  1.4
Stealth        | |  0.8
Charms         | |  0.1
Translocations | |  4.4

Action                   || total
-------------------------++-------
Melee: Short sword       ||   139
Throw: Stone             ||    34
 Cast: Shroud of Golubri ||     6
       Blink             ||     1
  Use: Potion            ||     4
 Stab: Sleeping          ||     2
Armor: Robe              ||     3
Dodge: Dodged            ||   107
